 Dungeon Crawl Stone Soup version 0.28-a0-206-gc2c9e32840 (webtiles) character file.

Game seed: 10607319510891886438

15 Spaninq the Skirmisher (level 2, -6/26 HPs)
             Began as a Draconian Fighter on Aug 20, 2021.
             Mangled by a worm (9 damage)
             ... on level 2 of the Dungeon.
             The game lasted 00:01:18 (912 turns).

Spaninq the Skirmisher (Draconian Fighter)           Turns: 912, Time: 00:01:19

Health: -6/26      AC:  4    Str: 18    XL:     2   Next: 34%
Magic:  2/2        EV: 10    Int:  8    God:
Gold:   17         SH:  9    Dex: 16    Spells: 1/1 levels left

rFire   . . .      SeeInvis .   a - +0 long sword
rCold   . . .      Faith    .   b - +0 kite shield
rNeg    . . .      Spirit   .   (armour unavailable)
rPois   .          Reflect  .   (helmet restricted)
rElec   .          Harm     .   (no cloak)
rCorr   .          Rampage  .   (no gloves)
Will    .....                   (no boots)
Stlth   +.........              (no amulet)
HPRegen 0.08/turn               f - +6 ring of dexterity
MPRegen 0.08/turn               (no ring)

@: no status effects
A: AC +4, unfitting armour, cold-blooded
a: no special abilities


You were on level 2 of the Dungeon.
You visited 1 branch of the dungeon, and saw 2 of its levels.

You collected 17 gold pieces.

Inventory:

Hand Weapons
 a - a +0 long sword (weapon)
Missiles
 e - 43 stones (quivered)
Armour
 b - a +0 kite shield (worn)
Jewellery
 f - a +6 ring of dexterity (left hand)
Scrolls
 d - a scroll of enchant armour {unknown}
 g - a scroll of amnesia {unknown}
 h - a scroll of brand weapon {unknown}
Potions
 c - a potion of might


   Skills:
 + Level 3.4 Fighting
 * Level 2.3 Long Blades
 + Level 2.8 Dodging
 * Level 3.2 Shields


You had one spell level left.
You didn't know any spells.
Your spell library contained the following spells:

 Spells                   Type           Power      Damage    Failure   Level
 Sandblast                Erth           0%         2d4       89%         1


Dungeon Overview and Level Annotations

Branches:
Dungeon (2/15)

Altars:


Innate Abilities, Weirdness & Mutations

Your plain brown scales are hard. (AC +4)
You cannot fit into any form of body armour.
You are cold-blooded and may be slowed by cold attacks.


Message History

The goblin hits you but does no damage.
You barely miss the goblin.
The goblin is heavily wounded.
The goblin misses you. The goblin hits you with a +0 club.
You closely miss the goblin.
The goblin is moderately wounded.
The goblin hits you with a +0 club.
You barely miss the goblin.
The goblin is moderately wounded.
The goblin hits you with a +0 club. You block the goblin's attack.
The goblin barely misses you.
You climb upwards.
There is a stone staircase leading down here.
Your shield prevents you from hitting the goblin.
You tail-slap the goblin.
You kill the goblin!
You see here a +0 club.
There is a stone staircase leading down here.
You start resting.
HP restored.
You climb downwards.
The worm bites you.
There is a stone staircase leading up here.
You hit the worm but do no damage. The worm bites you.
You barely miss the worm. The worm barely misses you.
You hit the worm.
The worm is moderately wounded.
You barely miss the worm.
The worm is moderately wounded.
The worm bites you.
You hit the worm.
The worm is moderately wounded.
You block the worm's attack.
You slash the worm!
The worm is severely wounded.
The worm bites you!
* * * LOW HITPOINT WARNING * * *
You barely miss the worm. You tail-slap the worm.
The worm is almost dead.
The worm bites you!
You die...

####
##...##
##...w.##
#.....@>#
#.......#
#.......#
........##
...?....#
##....?..
#.......
#.......


You could see a worm.

Vanquished Creatures
  A giant cockroach (D:1)
  A kobold (D:1)
  A quokka (D:1)
  2 ball pythons (D:1)
  2 bats (D:1)
  A frilled lizard (D:1)
  5 goblins
  2 rats (D:1)
15 creatures vanquished.

Notes
Turn   | Place    | Note
-------+----------+-------------------------------------------
     0 | D:1      | Spaninq the Draconian Fighter began the quest for the Orb.
     0 | D:1      | Reached XP level 1. HP: 19/19 MP: 1/1
   243 | D:1      | Found a faded altar of an unknown god.
   253 | D:1      | Got Plato's Catalogue of the Mountains
   280 | D:1      | Reached XP level 2. HP: 26/26 MP: 2/2
   912 | D:2      | Mangled by a worm

Illustrated notes

Levels and vault maps discovered:
D:1:      dpeg_arrival_round_a, layout_loops_ring,
          shapermc_ecumenical_altar_rom_forum
D:2:      layout_rooms, serial_shops, nicolae_shop_stone

Action                   || total
-------------------------++-------
Melee: Long sword        ||    41
       Tailslap          ||     3
Armor: Skin              ||     9
Dodge: Dodged            ||    13
Block: Kite shield       ||    23
       Rpst.: Long sword ||     2

Table legend: (Time is in decaauts)
 A = Elapsed time spent in this place.
 B = Non-inter-level travel time spent in this place.
 C = Inter-level travel time spent in this place.
 D = Time resting spent in this place.
 E = Time spent auto-exploring this place.
 F = Levels seen in this place.
 G = Mean time per level.
                   A        B        C        D        E       F      G
               +--------+--------+--------+--------+--------+-----+--------+
         Total |    932 |    905 |     27 |     95 |    670 |   2 |  466.0 |
       Dungeon |    932 |    905 |     27 |     95 |    670 |   2 |  466.0 |
               +--------+--------+--------+--------+--------+-----+--------+

Top non-repeatable levels by time:
     D:1: 903 daAuts
     D:2: 29 daAuts
